 Seeded DCSS version 0.32-a0-900-g30fb1b0edc (webtiles) character file.

Game seed: 17073724502869601980 (custom seed)

2136 timneilson the Ruffian (level 9, -3/58 HPs)
             Began as an Octopode Shapeshifter on Apr 5, 2024.
             Was an Initiate of Gozag.
             Slain by an orc warrior
             ... wielding a +2 heavy dire flail
              (31 damage)
             ... on level 7 of the Dungeon.
             The game lasted 00:12:35 (6271 turns).

timneilson the Ruffian (Octopode Shapeshifter)      Turns: 6271, Time: 00:12:36

Health: -3/58      AC:  1    Str: 24    XL:     9   Next: 30%
Magic:  18/18      EV: 14    Int: 12    God:    Gozag
Gold:   608        SH:  0    Dex: 11    Spells: 8/8 levels left

rFire   x .          .
                       - Unarmed
rCold   + . .        (no shield)
rNeg    + . .        (helmet currently unavailable)
rPois   .            (no amulet)
rElec   .            d - ring "Feirph" {rN+ rCorr Str+6}
rCorr   +            n - ring of see invisible
SInv    +            o - ring of resist corrosion
Will    .....        m - ring "Kexu" {Ice Slay+4 SInv}
Stlth   ++++         x - ring of magical power
HPRegen 0.29/turn    (no ring)
MPRegen 0.16/turn    (no ring)
                     (no ring)

%: no passive effects
@: beast-form
A: beast (slay +3), almost no armour, amphibious, 8 rings, camouflage 1,
gelatinous body 1, (nimble swimmer 1), tentacles
a: Begin Untransformation, Renounce Religion, Potion Petition, Call Merchant,
Bribe Branch


You were on level 7 of the Dungeon.
You worshipped Gozag.
Gozag was pleased with you.
You were a hulking beast.
You visited 2 branches of the dungeon, and saw 8 of its levels.

You collected 673 gold pieces.
You paid 65 gold pieces to Gozag.

Inventory:

Missiles
 A - a throwing net
 B - 4 poisoned darts (quivered)
Armour
 j - a +2 hat
Jewellery
 d - the ring "Feirph" (left tentacle) {rN+ rCorr Str+6}
   (You acquired it on level 1 of the Dungeon)

   [ring of resist corrosion]

   Str+6:     It affects your strength (+6).
   rN+:       It protects you from negative energy.
   rCorr:     It protects you from acid and corrosion.
 m - the ring "Kexu" (on tentacle) {Ice Slay+4 SInv}
   (You acquired it on level 4 of the Dungeon)

   [ring of ice]

   Ice:       It enhances your ice magic.
   Slay+4:    It affects your accuracy & damage with ranged weapons and melee
   (+4).
   rF-:       It makes you vulnerable to fire.
   rC+:       It protects you from cold.
   SInv:      It lets you see invisible.
 n - a ring of see invisible (right tentacle)
 o - a ring of resist corrosion (on tentacle)
 x - a ring of magical power (on tentacle)
Talismans
 b - a beast talisman (active)
 c - a flux talisman
 g - a granite talisman
 u - a dragon-blood talisman
Wands
 l - a wand of roots (21)
 y - a wand of quicksilver (9)
 z - a wand of flame (17)
Scrolls
 p - a scroll of fear
 s - 2 scrolls of amnesia
 D - a scroll of teleportation
Potions
 a - 3 potions of lignification
 e - a potion of mutation
 f - a potion of haste {unknown}
 h - 2 potions of might
 i - 2 potions of berserk rage
 k - a potion of curing
 q - a potion of magic {unknown}
 r - a potion of degeneration {unknown}
 t - 2 potions of ambrosia
 v - a potion of enlightenment {unknown}
 w - 2 potions of attraction {unknown}
 C - a potion of heal wounds {unknown}


   Skills:
 + Level 4.1 Fighting
 * Level 6.1 Dodging
 + Level 5.2 Stealth
 * Level 6.4 Unarmed Combat
 + Level 3.6 Evocations
 * Level 6.0 Shapeshifting


You had 8 spell levels left.
You didn't know any spells.
Your spell library contained the following spells:

 Spells                   Type           Power      Damage    Failure   Level
 Summon Ice Beast         Ice/Summ       0%         N/A       69%         3
 Summon Mana Viper        Hex/Summ       0%         N/A       100%        5
 Monstrous Menagerie      Summ           0%         N/A       100%        7


Dungeon Overview and Level Annotations

Branches:
Dungeon (7/15)             Temple (1/1) D:5

Altars:
Ashenzari
Cheibriados
Dithmenos
Elyvilon
Fedhas
Gozag
Hepliaklqana
Kikubaaqudgha
Makhleb
Nemelex Xobeh
Okawaru
Ru
Sif Muna
Uskayaw
Vehumet
Xom
Yredelemnul
Zin
The Shining One


Innate Abilities, Weirdness & Mutations

You are a hulking beast.
Your limbs bulge with bestial killing power. (Slay +3)
You cannot wear most types of armour.
You are amphibious.
You can wear up to eight rings at the same time.
Your skin changes colour to match your surroundings (Stealth+).
Your rubbery body absorbs attacks. (AC +1, EV +1)
((You are camouflaged when in or above water. (Stealth+)))
You have tentacles for arms and can constrict up to eight enemies at once.


Message History

The bullfrog hits you!
You tentacle-slap the bullfrog. Your grab misses the bullfrog.
The bullfrog is severely wounded.
The bullfrog hits you!
You closely miss the bullfrog. You grab the bullfrog. You squeeze the bullfrog.
You kill the bullfrog!
You now have 590 gold pieces (gained 9).
You now have 594 gold pieces (gained 4).
A hound comes into view.
You bludgeon the hound! Your grab misses the hound.
The hound is severely wounded.
The hound barely misses you.
You closely miss the hound. Your grab misses the hound.
The hound is severely wounded.
The hound misses you.
You bludgeon the hound!
You kill the hound!
You now have 600 gold pieces (gained 6).
An orc warrior comes into view. It is wielding a +2 heavy dire flail.
You start resting.
HP restored.
Found 8 gold pieces.
Found a broken altar of Ashenzari.
You now have 608 gold pieces (gained 8).
The orc warrior shouts!
The orc warrior hits you with a +2 heavy dire flail!!
Ouch! That really hurt!
You barely miss the orc warrior. You grab the orc warrior.
You tentacle-slap the orc warrior.
The orc warrior is lightly wounded.
You constrict the orc warrior. You bludgeon the orc warrior!
The orc warrior is heavily wounded.
You constrict the orc warrior.
You tentacle-slap the orc warrior but do no damage.
The orc warrior is severely wounded.
You constrict the orc warrior.
The orc warrior hits you with a +2 heavy dire flail!!
Ouch! That really hurt!
You die...
Your body crumbles into a pile of gold.

...≈.###.##########
.....'...#####
#'####.......#
###.##....#.##.# .
.........##.#
#.#.#......##.#
###.#.#...#..##.#
#.........#..##.#
#.#.#h#.........#
#o###.....###
#.........#
#####.....# #.....#
###.### #.# #.#


You could see an orc warrior.

Vanquished Creatures
  2 water moccasins
  A black bear (D:6)
  An ogre (D:6)
  2 centaurs
  2 phantoms (D:5)
  2 scorpions (D:5)
  A bullfrog (D:7)
  A gnoll sergeant (D:7)
  3 wights (D:7)
  3 killer bees (D:7)
  2 howler monkeys (D:7)
  4 hounds
  6 orc priests
  2 sleepcaps
  3 iguanas
  3 orc wizards (D:7)
  9 gnolls
  11 adders
  2 ufetubi (D:6)
  3 dart slugs
  25 orcs
  8 endoplasms
  5 giant cockroaches
  8 hobgoblins
  11 jackals
  4 quokkas
  3 ball pythons
  11 bats
  7 frilled lizards
  6 goblins
  9 kobolds
  5 rats
165 creatures vanquished.

Notes
Turn   | Place    | Note
-------+----------+-------------------------------------------
     0 | D:1      | timneilson the Octopode Shapeshifter began the quest for
                  | the Orb.
     0 | D:1      | Reached XP level 1. HP: 13/13 MP: 1/1
   124 | D:1      | Identified a scroll of acquirement
   124 | D:1      | Acquired the ring "Feirph" {rN+ rCorr Str+6}
   213 | D:1      | Reached XP level 2. HP: 18/18 MP: 2/2
   686 | D:2      | Reached XP level 3. HP: 13/23 MP: 3/3
   851 | D:2      | HP: 1/23 [jackal (2)]
  1137 | D:2      | Reached skill level 1 in Stealth
  1218 | D:2      | Reached XP level 4. HP: 9/28 MP: 4/4
  1819 | D:3      | Found a radiant altar of Vehumet.
  2332 | D:3      | Found a faded altar of an unknown god.
  2364 | D:3      | Reached XP level 5. HP: 34/34 MP: 5/5
  2756 | D:4      | Acquired the ring "Kexu" {Ice Slay+4 SInv}
  3302 | D:4      | Reached XP level 6. HP: 39/39 MP: 6/6
  3493 | D:5      | Entered Level 5 of the Dungeon
  3508 | D:4      | Reached skill level 1 in Evocations
  3774 | D:5      | Reached XP level 7. HP: 38/45 MP: 7/7
  3898 | D:5      | Found a staircase to the Ecumenical Temple.
  3909 | Temple   | Entered the Ecumenical Temple
  3928 | Temple   | Became a worshipper of Gozag Ym Sagoz the Greedy
  4185 | D:5      | Reached skill level 5 in Unarmed Combat
  4271 | D:5      | Reached XP level 8. HP: 52/52 MP: 8/8
  4561 | D:6      | Reached skill level 5 in Shapeshifting
  4759 | D:6      | Reached skill level 5 in Dodging
  5671 | D:7      | Reached XP level 9. HP: 44/58 MP: 9/9
  5774 | D:7      | Found a shimmering blue altar of Sif Muna.
  5787 | D:7      | Found an iron altar of Okawaru.
  5880 | D:7      | Reached skill level 5 in Stealth
  6249 | D:7      | Found a broken altar of Ashenzari.
  6271 | D:7      | Slain by an orc warrior

Illustrated notes

Levels and vault maps discovered:
D:1:      lightli_arrival_windingriver, layout_loops_ring
D:2:      layout_basic, dk_noncrumbling_3
D:3:      layout_loops_corners, mainiacjoe_overflow_boulevard,
          shapermc_ecumenical_altar_gd, minmay_misc_feat_alley, st_stairs_8
D:4:      layout_gridville, lemuel_flame_loot_1
D:5:      layout_basic, minmay_temple_entry_stoned_glass
D:6:      layout_basic, grunt_decor_mini_mirrors
D:7:      layout_loops_cross, mainiacjoe_overflow_six_doors_small,
          lemuel_round_altar, lemuel_blue_sif_altar
Temple:   nicolae_temple_superstar

Skill      XL: |  1  2  3  4  5  6  7  8  9 |
---------------+----------------------------+-----
Stealth        | 1 2 3 4 5 |  5.2
Dodging        | 3 4 5 6 |  6.1
Unarmed Combat | 4 5 6 |  6.4
Fighting       | 2 3 4 |  4.1
Shapeshifting  | 4 5 6 |  6.0
Evocations     | 1 2 3 |  3.6

Action                     |  1- 3 |  4- 6 |  7- 9 || total
---------------------------+-------+-------+-------++-------
  Melee: Unarmed           |    72 |   106 |   112 ||   290
         Constrict         |    13 |    28 |    31 ||    72
         Tentacles         |     9 |    23 |    32 ||    64
         Punch             |       |       |     7 ||     7
  Evoke: Wand              |       |       |     1 ||     1
    Use: Scroll            |     3 |     6 |     7 ||    16
         Potion            |     1 |       |     2 ||     3
   Stab: Sleeping          |     8 |    12 |     7 ||    27
         Distracted        |       |       |     2 ||     2
 Armour: Skin              |    50 |    49 |    45 ||   144
  Dodge: Dodged            |    58 |    48 |    43 ||   149

Table legend: (Time is in decaauts)
 A = Elapsed time spent in this place.
 B = Non-inter-level travel time spent in this place.
 C = Inter-level travel time spent in this place.
 D = Time resting spent in this place.
 E = Time spent auto-exploring this place.
 F = Levels seen in this place.
 G = Mean time per level.
                   A        B        C        D        E       F      G
               +--------+--------+--------+--------+--------+-----+--------+
         Total |   6243 |   6075 |    168 |    788 |   3779 |   8 |  780.4 |
       Dungeon |   6204 |   6072 |    132 |    788 |   3779 |   7 |  886.3 |
        Temple |     38 |      2 |     36 |      0 |      0 |   1 |   38.0 |
               +--------+--------+--------+--------+--------+-----+--------+

Top non-repeatable levels by time:
     D:6: 1080 daAuts
     D:2: 1044 daAuts
     D:4: 939 daAuts
     D:3: 929 daAuts
     D:7: 795 daAuts
     D:5: 778 daAuts
     D:1: 635 daAuts
  Temple: 38 daAuts
